Map: Incorporeal LE

Players

ManlyManMeat - Winner!

  • Race: Zerg Zerg
  • League: Diamond
  • Spawn Location: 5:00

VOD

Have the link to the VOD?

Description

Time

  • Played on: July 8, 2025, 3:59 p.m.
  • Length: 14:19
Show
View Real Time Build Order
Export as new Build Order

ManlyManMeat Zerg - Winner!

Build Orders:  

Get SALT Encoding   

  12  0:00  Drone  
  13  0:11  Drone  
  13  0:18  Extractor  
  13  0:21  Drone  
  15  0:31  Overlord  
  15  0:58  Drone  
  16  1:06  Hatchery  
  15  1:12  Drone  
  15  1:16  Drone  
  17  1:22  Drone  
  18  1:36  Extractor  
  17  1:44  Spawning Pool  
  17  1:49  Drone  
  17  1:53  Drone  
  18  2:01  Drone  
  19  2:15  Drone  
  20  2:34  Drone  
  21  2:50  Queen x2  
  21  2:51  Zergling x2  
  21  2:56  Overlord  
  26  3:07  Drone  
  26  3:08  Drone  
  28  3:24  Zergling x2  
  28  3:27  Drone  
  30  3:51  Hatchery  
  30  3:55  Drone x2  
  30  3:56  Drone  
  32  4:02  Metabolic Boost  
  32  4:12  Baneling Nest  
  32  4:13  Overlord  
  32  4:17  Drone  
  32  4:30  Drone x4  
  36  4:41  Zergling x4  
  36  4:46  Drone x2  
  40  4:51  Zergling x2  
  40  4:53  Zergling x2  
  42  5:04  Evolution Chamber  
  41  5:16  Overlord  
  41  5:19  Zergling x4  
  33  5:20  Zergling x2  
  44  5:33  Zergling x12  
  43  6:02  Roach Warren  
  36  6:12  Zergling x16, Extractor  
  36  6:13  Zergling x6  
  42  6:45  Drone x3  
  42  6:53  Zerg Missile Weapons Level 1  
  41  7:07  Drone x3  
  41  7:08  Drone  
  45  7:26  Roach x5  
  45  7:27  Roach  
  56  7:36  Baneling  
  56  7:37  Baneling  
  56  7:38  Baneling  
  56  7:43  Queen  
  56  7:48  Overlord  
  56  7:49  Overlord  
  58  8:05  Overlord x2  
  58  8:06  Overlord  
  58  8:35  Baneling x2  
  58  8:36  Baneling x2  
  58  8:46  Roach x5  
  68  9:01  Drone x10  
  68  9:07  Extractor  
  77  9:12  Extractor  
  77  9:14  Drone x3  
  77  9:15  Drone  
  57  9:20  Drone x2  
  80  9:21  Overlord  
  80  9:41  Roach x4  
  88  9:51  Roach x3  
  93  10:03  Overlord x3  
  93  10:28  Lair  
  85  10:45  Roach x10  
  103  10:55  Drone x8  
  111  11:24  Roach  
  111  11:26  Overlord x3  
  111  11:27  Overlord x2  
  109  12:00  Roach x2  
  109  12:01  Roach x11  
  133  12:24  Roach x8  
  147  12:54  Hatchery  
  147  12:58  Roach x4  
  154  13:00  Overlord x4  
  152  13:25  Overlord x3  
  175  14:10  Extractor  
  175  14:14  Extractor  
Tags
 
League
Diamond
Matchup
Co-op
Replay Pack
Myownreplay2
Add a new tag
Caveats
  • Supply blocks, unpowered buildings, or Contaminate may cause inaccurate times.
  • Supply counts are checked every 10 seconds.